 Dungeon Crawl Stone Soup version 0.28.0-43-g3370ac3207 (webtiles) character file.

Game seed: 5764331488312080196

338 Renzlar the Shield-Bearer (level 6, 47/53 HPs)
             Began as a Gnoll Fighter on Apr 2, 2022.
             Was an Initiate of Ru.
             Quit the game on level 4 of the Dungeon.
             The game lasted 00:11:21 (3564 turns).

Renzlar the Shield-Bearer (Gnoll Fighter)           Turns: 3564, Time: 00:11:21

Health: 47/53      AC: 11    Str: 17    XL:     6   Next: 55%
Magic:  9/9        EV: 11    Int:  7    God:    Ru [......]
Gold:   140        SH:  5    Dex: 12    Spells: 9/9 levels left

rFire   . . .      SeeInvis .   a - +0 war axe
rCold   . . .      Faith    .   o - +0 buckler
rNeg    + . .      Spirit   .   j - +0 chain mail
rPois   .          Reflect  .   (no helmet)
rElec   .          Harm     .   (no cloak)
rCorr   .          Rampage  .   (no gloves)
Will    .....                   l - +0 pair of boots
Stlth   ..........              (no amulet)
HPRegen 0.17/turn               g - ring of positive energy
MPRegen 0.11/turn               s - +4 ring of evasion

@: no status effects
A: fangs 1, strong nose, distributed training
a: Renounce Religion


You were on level 4 of the Dungeon.
You worshipped Ru.
Ru was noncommittal.
You visited 2 branches of the dungeon, and saw 5 of its levels.

You collected 140 gold pieces.

Inventory:

Hand Weapons
 a - a +0 war axe (weapon)
 c - a +0 hunting sling
 d - a +2 vampiric short sword
Missiles
 e - 87 stones (quivered)
 k - 33 bolts
 r - 6 poisoned darts
 t - a throwing net
Armour
 b - a +0 scale mail
 j - a +0 chain mail (worn)
 l - a +0 pair of boots (worn)
 o - a +0 buckler (worn)
Jewellery
 g - a ring of positive energy (left hand)
 m - a ring of resist corrosion
 s - a +4 ring of evasion (right hand)
Wands
 h - a wand of digging (7)
 q - a wand of flame (12)
Scrolls
 i - 4 scrolls of teleportation
Potions
 f - 2 potions of might
 n - 3 potions of curing
 p - 2 potions of flight {unknown}


   Skills:
 + Level 6.8 Fighting
 + Level 2.0 Short Blades
 + Level 2.0 Long Blades
 + Level 5.0 Axes
 + Level 2.0 Maces & Flails
 + Level 2.0 Polearms
 + Level 2.0 Staves
 + Level 2.0 Slings
 + Level 2.0 Bows
 + Level 2.0 Crossbows
 + Level 2.0 Throwing
 + Level 6.8 Armour
 + Level 2.0 Dodging
 + Level 2.0 Stealth
 + Level 6.8 Shields
 + Level 2.0 Unarmed Combat
 + Level 2.0 Spellcasting
 + Level 1.6 Conjurations
 + Level 1.6 Hexes
 + Level 1.6 Summonings
 + Level 1.6 Necromancy
 + Level 1.6 Translocations
 + Level 1.6 Transmutations
 + Level 1.6 Fire Magic
 + Level 1.6 Ice Magic
 + Level 1.6 Air Magic
 + Level 1.6 Earth Magic
 + Level 1.6 Poison Magic
 + Level 2.2 Invocations
 + Level 2.0 Evocations


You had 9 spell levels left.
You didn't know any spells.
Your spell library contained the following spells:

 Spells                   Type           Power      Damage    Failure   Level
 Animate Skeleton         Necr           4%         N/A       96%         1
 Apportation              Tloc           4%         N/A       96%         1
 Summon Small Mammal      Summ           8%         N/A       96%         1
 Call Canine Familiar     Summ           2%         N/A       100%        3
 Summon Guardian Golem    Hex/Summ       2%         N/A       100%        3


Dungeon Overview and Level Annotations

Branches:
Dungeon (4/15)             Temple (1/1) D:4

Altars:
Cheibriados
Fedhas
Gozag
Hepliaklqana
Qazlal
Ru
Sif Muna
Trog
Wu Jian
Xom
Yredelemnul
Zin
The Shining One


Innate Abilities, Weirdness & Mutations

You have very sharp teeth.
Your uncanny sense of smell can sniff out nearby items.
Your experience applies equally to all skills.


Message History

The hobgoblin shouts!
You shoot a stone. The stone closely misses the hobgoblin.
You shoot a stone. The stone hits the hobgoblin.
The hobgoblin is severely wounded.
You shoot a stone.
The stone hits the hobgoblin but does no damage.
The hobgoblin is severely wounded.
You shoot a stone. The stone closely misses the hobgoblin.
You shoot a stone. The stone hits the hobgoblin.
You kill the hobgoblin!
e - 86 stones (gained 1)
You see here a hobgoblin corpse.
e - 87 stones (gained 1)
e - 88 stones (gained 1)
e - 90 stones (gained 2)
Found a stone staircase leading up.
There is a stone staircase leading up here.
Found an escape hatch in the floor.
A hound comes into view.
You shoot a stone. The stone hits the hound.
The hound is lightly wounded.
You shoot a stone. The stone barely misses the hound.
You shoot a stone. The stone closely misses the hound.
The hound bites you.
a - a +0 war axe (weapon)
The hound bites you but does no damage.
You hit the hound but do no damage.
The hound is lightly wounded.
The hound barely misses you.
You barely miss the hound.
The hound is lightly wounded.
The hound bites you. The hound barely misses you.
You hit the hound but do no damage.
The hound is lightly wounded.
The hound barely misses you. The hound bites you but does no damage.
You slash the hound!
The hound is almost dead.
You block the hound's attack. x2
You slash the hound!
You kill the hound!
Are you sure you want to abandon this character and quit the game? (Confirm with "yes".)

......#####
##.#######......###
###.......#
#.......##.##...... #.####..#
#.#####.##.##...### #.####..#
#.##.........##.# #
#.##...>#####.##.##.##.#.##.#
#
#.##.#...........##.##......#
#.##.#..#####.......##.....##
#.......# ##.........###.#
######.## #@#######.# #.#
##..# #.# #.###.# ##...## #.#
#.....# ##.....## ... ###.###
##.......## ... #.#
#.........# ...(. #.#
##.......## ..... #.#
##.....## #..(..# ###.#
##...## #...#


There were no monsters in sight!

Vanquished Creatures
  2 hounds (D:4)
  Jessica (D:2)
  Terence (D:1)
  2 orc wizards
  4 gnolls
  4 adders
  2 adder skeletons (D:4)
  A worm (D:4)
  2 dart slugs (D:3)
  7 orcs (D:3)
  8 endoplasms
  5 giant cockroaches
  7 goblins
  8 hobgoblins
  A jackal (D:4)
  7 quokkas
  6 ball pythons
  6 bats
  3 frilled lizards
  7 kobolds
  6 rats
90 creatures vanquished.

Notes
Turn   | Place    | Note
-------+----------+-------------------------------------------
     0 | D:1      | Renzlar the Gnoll Fighter began the quest for the Orb.
     0 | D:1      | Reached XP level 1. HP: 23/23 MP: 1/1
    51 | D:1      | Reached XP level 2. HP: 26/29 MP: 2/2
   758 | D:1      | Reached XP level 3. HP: 35/35 MP: 3/3
   792 | D:1      | Found a faded altar of an unknown god.
   875 | D:2      | Noticed Terence
   897 | D:1      | Killed Terence
   898 | D:1      | Reached skill level 1 in Short Blades
   898 | D:1      | Reached skill level 1 in Long Blades
   898 | D:1      | Reached skill level 1 in Maces & Flails
   898 | D:1      | Reached skill level 1 in Polearms
   898 | D:1      | Reached skill level 1 in Staves
   898 | D:1      | Reached skill level 1 in Slings
   898 | D:1      | Reached skill level 1 in Bows
   898 | D:1      | Reached skill level 1 in Crossbows
   898 | D:1      | Reached skill level 1 in Throwing
   898 | D:1      | Reached skill level 1 in Dodging
   898 | D:1      | Reached skill level 1 in Stealth
   898 | D:1      | Reached skill level 1 in Unarmed Combat
   898 | D:1      | Reached skill level 1 in Spellcasting
   898 | D:1      | Reached skill level 1 in Invocations
   898 | D:1      | Reached skill level 1 in Evocations
   949 | D:2      | Reached XP level 4. HP: 41/41 MP: 5/5
  1244 | D:2      | Noticed Jessica
  1255 | D:2      | Killed Jessica
  1256 | D:2      | Reached skill level 1 in Conjurations
  1256 | D:2      | Reached skill level 1 in Hexes
  1256 | D:2      | Reached skill level 1 in Summonings
  1256 | D:2      | Reached skill level 1 in Necromancy
  1256 | D:2      | Reached skill level 1 in Translocations
  1256 | D:2      | Reached skill level 1 in Transmutations
  1256 | D:2      | Reached skill level 1 in Fire Magic
  1256 | D:2      | Reached skill level 1 in Ice Magic
  1256 | D:2      | Reached skill level 1 in Air Magic
  1256 | D:2      | Reached skill level 1 in Earth Magic
  1256 | D:2      | Reached skill level 1 in Poison Magic
  1970 | D:3      | Reached XP level 5. HP: 43/47 MP: 6/6
  2134 | D:3      | Found a glowing golden altar of the Shining One.
  2210 | D:3      | Found a bloodstained altar of Trog.
  2905 | D:4      | Reached XP level 6. HP: 53/53 MP: 8/8
  3208 | D:4      | Found a staircase to the Ecumenical Temple.
  3226 | Temple   | Entered the Ecumenical Temple
  3349 | D:4      | Found a sacrificial altar of Ru.
  3367 | D:4      | Reached skill level 5 in Axes
  3379 | D:4      | Became a worshipper of Ru the Awakened
  3564 | D:4      | Quit the game

Illustrated notes

Levels and vault maps discovered:
D:1:      minmay_arrival_radiant_lines, layout_loops_cross,
          shapermc_ecumenical_altar_acropolis
D:2:      layout_basic, uniq_jessica, uniq_terence
D:3:      layout_rooms, trog_butcher_becter, mainiacjoe_overflow_cross_hatched
D:4:      layout_loops_cross, nicolae_ru_great_annihilating_truth,
          minmay_temple_entry_drinking_statues, minmay_box_of_dots
Temple:   zaba_magenta_temple

Skill      XL: |  1  2  3  4  5  6 |
---------------+-------------------+-----
Short Blades   | 1 2 |  2.0
Long Blades    | 1 2 |  2.0
Maces & Flails | 1 2 |  2.0
Polearms       | 1 2 |  2.0
Staves         | 1 2 |  2.0
Slings         | 1 2 |  2.0
Bows           | 1 2 |  2.0
Crossbows      | 1 2 |  2.0
Throwing       | 1 2 |  2.0
Dodging        | 1 2 |  2.0
Stealth        | 1 2 |  2.0
Unarmed Combat | 1 2 |  2.0
Spellcasting   | 1 2 |  2.0
Invocations    | 1 2 |  2.2
Evocations     | 1 2 |  2.0
Conjurations   | 1 |  1.6
Hexes          | 1 |  1.6
Summonings     | 1 |  1.6
Necromancy     | 1 |  1.6
Translocations | 1 |  1.6
Transmutations | 1 |  1.6
Fire Magic     | 1 |  1.6
Ice Magic      | 1 |  1.6
Air Magic      | 1 |  1.6
Earth Magic    | 1 |  1.6
Poison Magic   | 1 |  1.6
Axes           | 5 |  5.0
Fighting       | |  6.8
Armour         | |  6.8
Shields        | |  6.8

Action                   |  1- 3 |  4- 6 || total
-------------------------+-------+-------++-------
Melee: War axe           |    43 |   179 ||   222
       Bite              |     4 |    12 ||    16
       Short sword       |    14 |       ||    14
 Fire: Hunting sling     |       |    77 ||    77
Throw: Stone             |     9 |     1 ||    10
  Use: Scroll            |     2 |     7 ||     9
 Stab: Invisible         |       |     1 ||     1
Armor: Scale mail        |    10 |       ||    10
       Chain mail        |     3 |    95 ||    98
Dodge: Dodged            |    18 |    52 ||    70
Block: Buckler           |    17 |    41 ||    58
